 Dungeon Crawl Stone Soup version 0.23.2-33-g5129a83184 (webtiles) character file.

Game seed: 7125294471884631752

58 Felnil the Skirmisher (level 3, -13/31 HPs)
             Began as a Mummy Berserker on Aug 7, 2019.
             Was a Believer of Trog.
             Mangled by Crazy Yiuf
             ... wielding a +4 quarterstaff of chaos
              (17 damage)
             ... while paralysed by Crazy Yiuf
             ... on level 2 of the Dungeon.
             The game lasted 00:04:19 (1865 turns).

Felnil the Skirmisher (Mummy Berserker)             Turns: 1865, Time: 00:04:19

Health: -13/31     AC:  9    Str: 21    XL:     3   Next: 75%
Magic:  3/3        EV:  2    Int:  6    God:    Trog [**....]
Gold:   90         SH:  0    Dex: 11    Spells: 2/2 levels left

rFire    x . .     SeeInvis .   g - +2 mace (protect)
rCold    + . .     Gourm    .   (no shield)
rNeg     + + +     Faith    .   b - +0 animal skin
rPois    ∞         Spirit   .   (no helmet)
rElec    .         Reflect  .   (no cloak)
rCorr    .         Harm     .   (no gloves)
MR       .....                  (no boots)
Stlth    +.........             c - amulet of magic regeneration
HPRegen  0.10/turn              (no ring)
MPRegen  0.33/turn              (no ring)

@: paralysed, protection aura, very slightly contaminated, slowed, invisible
A: no food or potions, fire vulnerability, cold resistance 1, negative energy
resistance 3, torment resistance, unbreathing
a: Trog's Hand, Renounce Religion


You were on level 2 of the Dungeon.
You worshipped Trog.
Trog was pleased with you.
You were not hungry.

You visited 1 branch of the dungeon, and saw 2 of its levels.

You collected 90 gold pieces.

Inventory:

Hand Weapons
 a - a +0 falchion
 g - a +2 mace of protection (weapon)
Armour
 b - a +0 animal skin (worn)
Jewellery
 c - an amulet of magic regeneration (around neck)
Scrolls
 d - 2 scrolls of fog {unknown}
 e - 3 scrolls of remove curse {unknown}
 f - 2 scrolls of enchant weapon {unknown}
 h - a scroll of identify {unknown}
 i - a scroll of enchant armour {unknown}


   Skills:
 + Level 4.7 Fighting
 - Level 2.4 Long Blades
 - Level 1.5 Armour
 - Level 1.5 Dodging


You had 2 spell levels left.
You didn't know any spells.
Your spell library was empty.

Dungeon Overview and Level Annotations

Branches:
Dungeon (2/15)

Altars:

Annotations:
D:2 Crazy Yiuf


Innate Abilities, Weirdness & Mutations

You do not eat or drink.
Your flesh is vulnerable to fire.
You are immune to poison.
Your flesh is cold resistant. (rC+)
You are immune to negative energy. (rN+++)
You are immune to unholy pain and torment.
You can survive without breathing.


Message History

Crazy Yiuf hits you with a +4 quarterstaff of chaos!!
Ouch! That really hurt!
You fade into invisibility!
You are very lightly contaminated with residual magic.
Crazy Yiuf barely misses you.
You hit Crazy Yiuf but do no damage.
Your weapon exudes an aura of protection.
Crazy Yiuf is moderately wounded.
Crazy Yiuf barely misses you.
Crazy Yiuf laughs, "Gnoll!
Cards sow tortoise."
Crazy Yiuf completely misses you.
You catch the helpless Crazy Yiuf completely off-guard!
You hit Crazy Yiuf.
Crazy Yiuf is heavily wounded.
Crazy Yiuf hits you with a +4 quarterstaff of chaos!
* * * LOW HITPOINT WARNING * * *
You suddenly lose the ability to move!
Crazy Yiuf hits you with a +4 quarterstaff of chaos!
Ouch! That really hurt!
You die...

..............#.#.........####.†#
...........###########...........
#..........# #......##.##
#.....#.#### ##### ##.....##.#
#...#...#### #..)# #......##..
#..........# #...# #..>........
........##.# ... ####...#####
....#...##)# #g# #...#
...........# ♣♣@♣ #...#
....#...##.# ♣.♣♣ #...#
...........# ♣♣.♣ #..##
...........# ♣.♣♣ ####...##.#
♣♣.♣♣ #####......# ♣.PP♣♣
...........# ♣P.P.♣ #####.#....#
##..## #.#.##.###....####


You could see Crazy Yiuf.

Vanquished Creatures
  2 adders (D:2)
  A worm (D:2)
  4 leopard geckos
  2 giant cockroaches
  2 goblins
  4 hobgoblins
  2 jackals (D:1)
  A ball python (D:2)
  A bat (D:2)
  2 frilled lizards (D:2)
  7 kobolds
  4 rats
32 creatures vanquished.

Notes
Turn   | Place    | Note
-------+----------+-------------------------------------------
     0 | D:1      | Felnil the Mummy Berserker began the quest for the Orb.
     0 | D:1      | Reached XP level 1. HP: 18/18 MP: 1/1
    50 | D:1      | Reached XP level 2. HP: 1/24 MP: 2/2
   789 | D:1      | Reached skill level 4 in Fighting
  1281 | D:2      | Reached XP level 3. HP: 25/30 MP: 3/3
  1550 | D:2      | Reached ** piety under Trog
  1843 | D:2      | Found a runed translucent door.
  1854 | D:2      | Noticed Crazy Yiuf
  1865 | D:2      | Paralysed by Crazy Yiuf for 5 turns
  1865 | D:2      | Mangled by Crazy Yiuf

Skill      XL: |  1  2 |
---------------+-------+-----
Fighting       | 4 |  4.7
Long Blades    | |  2.4
Armour         | |  1.5
Dodging        | |  1.5

Action                   || total
-------------------------++-------
Melee: Falchion          ||    18
       Mace              ||    90
 Stab: Sleeping          ||     1
       Invisible         ||     1
Armor: Animal skin       ||    29
Dodge: Dodged            ||    81
       Rpst.: Falchion   ||     3
